| TOP OF THE 1ST |
|
Louisville Bats batting - Pitching for Las Vegas 51s : RHP Hugo Valentin
|
|
Pitching: RHP Hugo Valentin
|
|
|
Batting: RHB Takanibu Kaneshiro
|
0-0: Ball 1-0: Swinging Strike 1-1: Swinging Strike 1-2: Strikes out swinging
|
|
Batting: RHB Bruno André
|
0-0: Foul Ball, location: 2F 0-1: Foul Ball, location: 2F 0-2: Strikes out swinging
|
|
Batting: RHB Juan Reyes
|
0-0: Foul Ball, location: 2F 0-1: Called Strike 0-2: Foul Ball, location: 2F 0-2: Foul Ball, location: 2F 0-2: Foul Ball, location: 2F 0-2: Ground out 5-3 (Groundball, 56, EV 111.9 MPH)
|
| Top of the 1st over - 0 runs, 0 hits, 0 errors, 0 left on base; Louisville 0 - Las Vegas 0 |
| BOTTOM OF THE 1ST |
|
Las Vegas 51s batting - Pitching for Louisville Bats : RHP Justin Ezzell
|
|
Pitching: RHP Justin Ezzell
|
|
|
Batting: RHB Billy Walker
|
0-0: Ball 1-0: Called Strike 1-1: Ball 2-1: Ground out 5-3 (Groundball, 56S, EV 77.5 MPH)
|
|
Batting: SHB Masatoshi Akahoshi
|
0-0: Ball 1-0: Called Strike 1-1: Ball 2-1: Ball 3-1: Base on Balls
|
|
Batting: SHB Luke Robbins
|
0-0: Ball Wild Pitch! Masatoshi Akahoshi to second 1-0: Ground out U3 (Groundball, 3, EV 82.5 MPH) Masatoshi Akahoshi to third
|
|
Batting: LHB Bill Armijo
|
0-0: Ball 1-0: Foul Ball, location: 2F 1-1: Foul Ball, location: 2F 1-2: Ball 2-2: Foul Ball, location: 2F 2-2: Foul Ball, location: 2F 2-2: Foul Ball, location: 2F 2-2: Ground out 1-3 (Groundball, 34S, EV 76.9 MPH)
|
| Bottom of the 1st over - 0 runs, 0 hits, 0 errors, 1 left on base; Louisville 0 - Las Vegas 0 |
| TOP OF THE 2ND |
|
Louisville Bats batting - Pitching for Las Vegas 51s : RHP Hugo Valentin
|
|
Batting: LHB Jared Paige
|
0-0: Called Strike 0-1: Ball 1-1: Foul Ball, location: 2F 1-2: Foul Ball, location: 2F 1-2: Fly out, F8 (Flyball, 89M, EV 83.8 MPH)
|
|
Batting: RHB Jonathan Robies
|
0-0: Swinging Strike 0-1: Fly out, F7 (Flyball, 7D, EV 91.9 MPH)
|
|
Batting: SHB Freddie Farrar
|
0-0: Foul Ball, location: 2F 0-1: SINGLE (Groundball, 56S, EV 66.9 MPH) (infield hit)
|
|
Batting: RHB Won-jun Park
|
0-0: Ball 1-0: Foul Ball, location: 2F 1-1: Ball 2-1: Foul Ball, location: 2F 2-2: SINGLE (Flyball, 89S, EV 91.9 MPH) Freddie Farrar to second Throwing error, E9 Freddie Farrar scores Won-jun Park to second
|
|
Batting: RHB Danny Real
|
0-0: Ball 1-0: Foul Ball, location: 2F 1-1: Ball 2-1: Ball 3-1: Base on Balls
|
|
Batting: LHB Leo Gomez
|
0-0: Called Strike 0-1: Ground out 4-3 (Groundball, 4, EV 79.4 MPH)
|
| Top of the 2nd over - 1 run, 2 hits, 1 error, 2 left on base; Louisville 1 - Las Vegas 0 |
| BOTTOM OF THE 2ND |
|
Las Vegas 51s batting - Pitching for Louisville Bats : RHP Justin Ezzell
|
|
Batting: SHB Justin Wallace
|
0-0: Called Strike 0-1: Fly out, F7 (Flyball, 7D, EV 90.0 MPH)
|
|
Batting: RHB Andy Carrell
|
0-0: Ball 1-0: Ball 2-0: Foul Ball, location: 2F 2-1: SINGLE (Groundball, 6MD, EV 95.0 MPH)
|
|
Batting: RHB Devine Adams
|
0-0: Foul Ball, location: 2F 0-1: Called Strike 0-2: Foul Ball, location: 2F 0-2: Strikes out swinging
|
|
Batting: SHB Nelson Powell
|
0-0: Called Strike 0-1: Ball 1-1: Foul Ball, location: 2F 1-2: Ball 2-2: Foul Ball, location: 2F 2-2: Foul Ball, location: 2F 2-2: Ball 3-2: Ground out U3 (Groundball, 3, EV 89.4 MPH)
|
| Bottom of the 2nd over - 0 runs, 1 hit, 0 errors, 1 left on base; Louisville 1 - Las Vegas 0 |
| TOP OF THE 3RD |
|
Louisville Bats batting - Pitching for Las Vegas 51s : RHP Hugo Valentin
|
|
Batting: RHB Takanibu Kaneshiro
|
0-0: Ball 1-0: Fly out, F8 (Flyball, 8LD, EV 90.6 MPH)
|
|
Batting: RHB Bruno André
|
0-0: Ball 1-0: Called Strike 1-1: Swinging Strike 1-2: Strikes out looking
|
|
Batting: RHB Juan Reyes
|
0-0: Swinging Strike 0-1: Ball 1-1: Called Strike 1-2: Strikes out swinging
|
| Top of the 3rd over - 0 runs, 0 hits, 0 errors, 0 left on base; Louisville 1 - Las Vegas 0 |
| BOTTOM OF THE 3RD |
|
Las Vegas 51s batting - Pitching for Louisville Bats : RHP Justin Ezzell
|
|
Batting: RHB Koen van Oort
|
0-0: Called Strike 0-1: Ball 1-1: Foul Ball, location: 2F 1-2: Hit by Pitch
|
|
Batting: RHB Billy Walker
|
0-0: Ball Pickoff Throw to First - Out! 1-3 1-0: Ball 2-0: Swinging Strike 2-1: Swinging Strike 2-2: Foul Ball, location: 2F 2-2: Foul Ball, location: 2F 2-2: Ball 3-2: Ground out U3 (Groundball, 13, EV 90.6 MPH)
|
|
Batting: SHB Masatoshi Akahoshi
|
0-0: Called Strike 0-1: Foul Ball, location: 2F 0-2: Strikes out looking
|
| Bottom of the 3rd over - 0 runs, 0 hits, 0 errors, 0 left on base; Louisville 1 - Las Vegas 0 |
| TOP OF THE 4TH |
|
Louisville Bats batting - Pitching for Las Vegas 51s : RHP Hugo Valentin
|
|
Batting: LHB Jared Paige
|
0-0: Called Strike 0-1: Ball 1-1: Ball 2-1: SOLO HOME RUN (Flyball, 78XD, EV 103.1 MPH), Distance : 415 ft
|
|
Batting: RHB Jonathan Robies
|
0-0: Ball 1-0: Foul Ball, location: 2F 1-1: Ball 2-1: Swinging Strike 2-2: Ball 3-2: SINGLE (Groundball, 34S, EV 70.6 MPH) (infield hit)
|
|
Batting: SHB Freddie Farrar
|
0-0: Swinging Strike 0-1: Foul Ball, location: 2F 0-2: Ball 1-2: Strikes out looking
|
|
Batting: RHB Won-jun Park
|
0-0: Ball 1-0: Ball Jonathan Robies steals 2nd base 2-0: Called Strike 2-1: Swinging Strike 2-2: Ball 3-2: SINGLE (Groundball, 6MD, EV 95.0 MPH) Jonathan Robies to third Runner from 3rd tries for Home, throw by CF and OUT! 8-2 Won-jun Park to second
|
|
Batting: RHB Danny Real
|
0-0: Ball 1-0: Ball 2-0: Ball 3-0: Called Strike 3-1: Called Strike 3-2: Foul Ball, location: 2F 3-2: Base on Balls
|
|
Batting: LHB Leo Gomez
|
0-0: Ball 1-0: Called Strike 1-1: SINGLE (Groundball, P, EV 81.2 MPH) (infield hit) Won-jun Park to third Danny Real to second
|
|
Batting: RHB Takanibu Kaneshiro
|
0-0: Ball 1-0: Swinging Strike 1-1: Ball 2-1: Foul Ball, location: 2F 2-2: Strikes out swinging
|
| Top of the 4th over - 1 run, 4 hits, 0 errors, 3 left on base; Louisville 2 - Las Vegas 0 |
| BOTTOM OF THE 4TH |
|
Las Vegas 51s batting - Pitching for Louisville Bats : RHP Justin Ezzell
|
|
Batting: SHB Luke Robbins
|
0-0: Ball 1-0: Ball 2-0: Ball 3-0: Called Strike 3-1: Base on Balls
|
|
Batting: LHB Bill Armijo
|
0-0: Called Strike 0-1: Foul Ball, location: 2F 0-2: Ball 1-2: Ball 2-2: Ball 3-2: Fly out, F8 (Flyball, 8RD, EV 106.2 MPH)
|
|
Batting: SHB Justin Wallace
|
0-0: Called Strike Luke Robbins steals 2nd base 0-1: Swinging Strike 0-2: Fly out, F7 (Flyball, 78M, EV 91.2 MPH)
|
|
Batting: RHB Andy Carrell
|
0-0: Ball 1-0: Ball 2-0: SINGLE (Groundball, 5S, EV 68.1 MPH) (infield hit) Luke Robbins to third
|
|
Batting: RHB Devine Adams
|
0-0: Ground out 4-3 (Groundball, 34, EV 105.6 MPH)
|
| Bottom of the 4th over - 0 runs, 1 hit, 0 errors, 2 left on base; Louisville 2 - Las Vegas 0 |
| TOP OF THE 5TH |
|
Louisville Bats batting - Pitching for Las Vegas 51s : RHP Hugo Valentin
|
|
Batting: RHB Bruno André
|
0-0: Ball 1-0: Ball 2-0: Ball 3-0: Called Strike 3-1: Bunt missed! 3-2: Foul Ball, location: 2F 3-2: Ground out 5-3 (Groundball, 56, EV 91.9 MPH)
|
|
Batting: RHB Juan Reyes
|
0-0: DOUBLE (Line Drive, 89XD, EV 97.5 MPH)
|
|
Batting: LHB Jared Paige
|
0-0: Called Strike 0-1: Foul Ball, location: 2F 0-2: Ground out 1-3 (Groundball, 13S, EV 72.5 MPH) Juan Reyes to third
|
|
Batting: RHB Jonathan Robies
|
0-0: Ground out 6-3 (Groundball, 4MS, EV 86.2 MPH)
|
| Top of the 5th over - 0 runs, 1 hit, 0 errors, 1 left on base; Louisville 2 - Las Vegas 0 |
| BOTTOM OF THE 5TH |
|
Las Vegas 51s batting - Pitching for Louisville Bats : RHP Justin Ezzell
|
|
Batting: SHB Nelson Powell
|
0-0: Fly out, F9 (Flyball, 9LM, EV 75.6 MPH)
|
|
Batting: RHB Koen van Oort
|
0-0: Ball 1-0: Called Strike 1-1: Swinging Strike 1-2: Foul Ball, location: 2F 1-2: DOUBLE (Groundball, 5L, EV 98.8 MPH)
|
|
Batting: RHB Billy Walker
|
0-0: Ball 1-0: Called Strike 1-1: Foul Ball, location: 2F 1-2: Ball 2-2: DOUBLE (Line Drive, 9LM, EV 105.0 MPH) Koen van Oort scores
|
|
Batting: SHB Masatoshi Akahoshi
|
0-0: Ball 1-0: Called Strike 1-1: Ground out 4-3 (Groundball, 4, EV 87.5 MPH) Billy Walker to third
|
|
Pitching: LHP Jin Zhui
|
|
|
Batting: SHB Luke Robbins
|
0-0: Swinging Strike 0-1: Ball 1-1: Ball 2-1: 2-RUN HOME RUN (Flyball, 8RXD, EV 116.2 MPH), Distance : 455 ft
|
|
Batting: LHB Bill Armijo
|
0-0: Ball 1-0: Foul Ball, location: 2F 1-1: Fly out, F8 (Flyball, 8LD, EV 108.1 MPH)
|
| Bottom of the 5th over - 3 runs, 3 hits, 0 errors, 0 left on base; Louisville 2 - Las Vegas 3 |
| TOP OF THE 6TH |
|
Louisville Bats batting - Pitching for Las Vegas 51s : RHP Hugo Valentin
|
|
Batting: SHB Freddie Farrar
|
0-0: Swinging Strike 0-1: Fly out, F7 (Flyball, 7, EV 95.0 MPH)
|
|
Batting: RHB Won-jun Park
|
0-0: Ball 1-0: Fly out, F7 (Line Drive, 7, EV 108.1 MPH)
|
|
Batting: RHB Danny Real
|
0-0: Called Strike 0-1: Called Strike 0-2: Hit by Pitch
|
|
Batting: LHB Leo Gomez
|
0-0: Ball Danny Real is caught stealing 2nd base 2-6
|
| Top of the 6th over - 0 runs, 0 hits, 0 errors, 0 left on base; Louisville 2 - Las Vegas 3 |
| BOTTOM OF THE 6TH |
|
Las Vegas 51s batting - Pitching for Louisville Bats : LHP Jin Zhui
|
|
Batting: SHB Justin Wallace
|
0-0: Ball 1-0: Foul Ball, location: 2F 1-1: Foul Ball, location: 2F 1-2: Strikes out swinging
|
|
Batting: RHB Andy Carrell
|
0-0: SINGLE (Line Drive, 8LS, EV 102.5 MPH)
|
|
Batting: RHB Devine Adams
|
0-0: Ball 1-0: Called Strike 1-1: Grounds into double play, 5-4-3 (Groundball, 56S, EV 83.8 MPH)
|
| Bottom of the 6th over - 0 runs, 1 hit, 0 errors, 0 left on base; Louisville 2 - Las Vegas 3 |
| TOP OF THE 7TH |
|
Louisville Bats batting - Pitching for Las Vegas 51s : RHP Hugo Valentin
|
|
Batting: LHB Leo Gomez
|
0-0: Foul Ball, location: 2F 0-1: Fly out, F8 (Flyball, 8RXD, EV 103.8 MPH)
|
|
Batting: RHB Takanibu Kaneshiro
|
0-0: Swinging Strike 0-1: Foul Ball, location: 2F 0-2: Ball 1-2: Ground out 5-3 (Groundball, 5, EV 103.1 MPH)
|
|
Batting: RHB Bruno André
|
0-0: Called Strike 0-1: Ball 1-1: Fly out, F7 (Flyball, 7, EV 81.9 MPH)
|
| Top of the 7th over - 0 runs, 0 hits, 0 errors, 0 left on base; Louisville 2 - Las Vegas 3 |
| BOTTOM OF THE 7TH |
|
Las Vegas 51s batting - Pitching for Louisville Bats : LHP Jin Zhui
|
|
Batting: SHB Nelson Powell
|
0-0: Foul Ball, location: 2F 0-1: Ball 1-1: Ball 2-1: Called Strike 2-2: Foul Ball, location: 2F 2-2: Foul Ball, location: 2F 2-2: Ground out 5-3 (Groundball, 56S, EV 86.2 MPH)
|
|
Batting: RHB Koen van Oort
|
0-0: Ball 1-0: Ball 2-0: Called Strike 2-1: Ball 3-1: Ground out 1-3 (Groundball, 13S, EV 66.9 MPH)
|
|
Batting: RHB Billy Walker
|
0-0: Ball 1-0: Called Strike 1-1: Called Strike 1-2: SOLO HOME RUN (Flyball, 78XD, EV 98.8 MPH), Distance : 422 ft
|
|
Batting: SHB Masatoshi Akahoshi
|
0-0: SINGLE (Groundball, 56D, EV 96.2 MPH)
|
|
Batting: SHB Luke Robbins
|
0-0: Ball Wild Pitch! Masatoshi Akahoshi to second 1-0: Called Strike 1-1: Swinging Strike 1-2: Ball 2-2: Ball 3-2: Base on Balls
|
|
Batting: LHB Bill Armijo
|
0-0: Swinging Strike 0-1: Ball 1-1: Swinging Strike 1-2: Foul Ball, location: 2F 1-2: Ball 2-2: Hit by Pitch Masatoshi Akahoshi to third Luke Robbins to second
|
|
Pitching: RHP Ragnar Alqvist
|
|
|
Batting: SHB Justin Wallace
|
0-0: Ball 1-0: Ground out U3 (Groundball, 3S, EV 88.1 MPH)
|
| Bottom of the 7th over - 1 run, 2 hits, 0 errors, 3 left on base; Louisville 2 - Las Vegas 4 |
| TOP OF THE 8TH |
|
Louisville Bats batting - Pitching for Las Vegas 51s : RHP Hugo Valentin
|
|
Pitching: RHP Ryan Wilson
|
|
|
Batting: RHB Juan Reyes
|
0-0: Ball 1-0: Ball 2-0: Called Strike 2-1: Ground out 5-3 (Groundball, 56S, EV 85.6 MPH)
|
|
Batting: LHB Jared Paige
|
0-0: SINGLE (Groundball, 3D, EV 98.1 MPH)
|
|
Batting: RHB Jonathan Robies
|
0-0: Ball 1-0: Foul Ball, location: 2F 1-1: Foul Ball, location: 2F 1-2: SINGLE (Line Drive, 9S, EV 100.0 MPH) Jared Paige to second
|
|
Batting: SHB Freddie Farrar
|
0-0: Ball 1-0: Grounds into double play, 4-6-3 (Groundball, 4S, EV 85.6 MPH)
|
| Top of the 8th over - 0 runs, 2 hits, 0 errors, 1 left on base; Louisville 2 - Las Vegas 4 |
| BOTTOM OF THE 8TH |
|
Las Vegas 51s batting - Pitching for Louisville Bats : RHP Ragnar Alqvist
|
|
Batting: RHB Andy Carrell
|
0-0: Fly out, F9 (Line Drive, 89M, EV 86.2 MPH)
|
|
Batting: RHB Devine Adams
|
0-0: Ball 1-0: Ball 2-0: Called Strike 2-1: Swinging Strike 2-2: Foul Ball, location: 2F 2-2: Ball 3-2: Base on Balls
|
|
Batting: SHB Nelson Powell
|
0-0: Foul Ball, location: 2F 0-1: Ball Devine Adams steals 2nd base 1-1: Intentional Walk
|
|
Batting: RHB Koen van Oort
|
0-0: Called Strike 0-1: Ball 1-1: Ball 2-1: Fly out, F9 (Flyball, 9S, EV 89.4 MPH)
|
|
Batting: RHB Billy Walker
|
0-0: Ball 1-0: Ball 2-0: Called Strike 2-1: Called Strike 2-2: Foul Ball, location: 2F 2-2: Foul Ball, location: 2F 2-2: Ball 3-2: Foul Ball, location: 2F 3-2: SINGLE (Groundball, 5S, EV 68.8 MPH) (infield hit) Devine Adams to third Nelson Powell to second
|
|
Batting: SHB Masatoshi Akahoshi
|
0-0: Called Strike 0-1: Called Strike 0-2: Ball 1-2: Foul Ball, location: 2F 1-2: Strikes out looking
|
| Bottom of the 8th over - 0 runs, 1 hit, 0 errors, 3 left on base; Louisville 2 - Las Vegas 4 |
| TOP OF THE 9TH |
|
Louisville Bats batting - Pitching for Las Vegas 51s : RHP Ryan Wilson
|
|
Pitching: RHP Alastair Henry
|
|
|
Batting: RHB Won-jun Park
|
0-0: Fly out, F7 (Flyball, 78S, EV 89.4 MPH)
|
|
Batting: RHB Danny Real
|
0-0: Called Strike 0-1: Called Strike 0-2: Strikes out swinging
|
|
Batting: LHB Leo Gomez
|
0-0: Ball 1-0: Called Strike 1-1: SINGLE (Groundball, 6S, EV 62.5 MPH) (infield hit)
|
|
Batting: RHB Takanibu Kaneshiro
|
0-0: Ball 1-0: Ball 2-0: Fielders Choice at 2nd, 6-4 (Groundball, 6, EV 105.6 MPH)
|
| Top of the 9th over - 0 runs, 1 hit, 0 errors, 1 left on base; Louisville 2 - Las Vegas 4 |
|